AoeStats
← Oldspice

Socotra

506039486Analyzed
4v4 RM · 20d ago on Sep 12, 2026· 27m 5s· 8 players
Game mode
Random Map
Map size
148×148
Population
200
Speed
Normal
Resources
Standard
Victory
Conquest
Starting age
Dark Age
Ending age
Imperial Age
RankedLock teamsTeams togetherTeam positionsShared explorationLock speedFull tech treeHidden civsTurbo modeCheats
Victory
Defeat
1553
+12
🇺🇸 Khitans · United States
1506
+14
1498
+14
🇺🇸 Magyars · United States
1452
+16
🇨🇳 Spanish · China
1541
-17
🇺🇸 Franks · United States
1539
-17
🇨🇳 Romans · China
1383
-11
1381
-11
潮喜歡說故事的洛洛
2:19 Loom
13:35 Feudal Age
13:37 Champi Runner
14:34 Double-Bit Axe
17:54 Horse Collar
20:30 Fletching
22:07 Town Watch
叫我靓仔啊 扑街
5:56 Loom
6:00 Loom
9:10 Feudal Age
10:20 Double-Bit Axe
15:10 Fletching
21:02 Castle Age
21:14 Crossbowman
25:15 Bodkin Arrow
Oldspice
8:31 Loom
10:46 Feudal Age
11:43 Double-Bit Axe
12:58 Scale Barding Armor
12:38 Domestication
13:54 Forging
22:56 Castle Age
22:04 Fletching
23:44 Bodkin Arrow
23:46 Gold Mining
24:05 Husbandry
24:50 Ballistics
2rich4u81
6:23 Loom
8:53 Feudal Age
9:32 Double-Bit Axe
18:07 Bloodlines
19:03 Scale Barding Armor
22:57 Castle Age
22:44 Gold Mining
23:00 Light Cavalry
23:41 Husbandry
24:03 Chain Barding Armor
24:25 Bow Saw
goldenseed
5:28 Loom
9:01 Feudal Age
9:31 Man-at-Arms
10:15 Double-Bit Axe
11:56 Scale Mail Armor
20:08 Horse Collar
20:59 Forging
26:06 Castle Age
喜足天
8:49 Loom
10:59 Feudal Age
16:11 Castle Age
14:43 Double-Bit Axe
15:38 Horse Collar
20:38 Padded Archer Armor
21:59 Leather Archer Armor
25:51 Bloodlines
25:41 Husbandry
WIZ
8:52 Feudal Age
9:04 Loom
10:29 Double-Bit Axe
15:24 Forging
20:00 Scale Barding Armor
25:31 Castle Age
25:35 Gold Mining
25:49 Light Cavalry
27:14 Wheelbarrow
27:10 Chain Barding Armor
哭稀饭(2125613428)
4:54 Loom
10:41 Feudal Age
14:59 Fletching
18:06 Horse Collar
Connection lost

Rejoining the realm…

Still unreachable

The connection could not be restored.

Session expired

The server has moved on; the page needs a fresh start.